 Dungeon Crawl Stone Soup version 0.31.0-12-g77e489cdc1 (webtiles) character file.

Game seed: 4929062375902309488

298 Silvore the Shield-Bearer (level 6, -6/56 HPs)
             Began as a Minotaur Fighter on Feb 23, 2024.
             Was an Initiate of Okawaru.
             Mangled by an orc
             ... wielding a +0 flail
              (7 damage)
             ... on level 3 of the Dungeon.
             The game lasted 00:02:16 (1972 turns).

Silvore the Shield-Bearer (Minotaur Fighter)        Turns: 1972, Time: 00:02:17

Health: -6/56      AC: 10    Str: 22    XL:     6   Next: 13%
Magic:  0/5        EV:  9    Int:  5    God:    Okawaru [......]
Gold:   189        SH:  5    Dex: 10    Spells: 5/5 levels left

rFire   . . .        a - +1 flail
rCold   . . .        c - +0 buckler
rNeg    . . .        b - +0 scale mail
rPois   .            (helmet restricted)
rElec   .            (no cloak)
rCorr   .            h - +2 pair of gloves
SInv    .            (no boots)
Will    .....        (no amulet) Stlth
                     (no ring)
HPRegen 0.29/turn    (no ring)
MPRegen 0.09/turn

%: no passive effects
@: no status effects
A: horns 2, retaliatory headbutt
a: Renounce Religion


You were on level 3 of the Dungeon.
You worshipped Okawaru.
Okawaru was noncommittal.
You visited 1 branch of the dungeon, and saw 3 of its levels.

You collected 189 gold pieces.

Inventory:

Hand Weapons
 a - a +1 flail (weapon)
Armour
 b - a +0 scale mail (worn)
 c - a +0 buckler (worn)
 h - a +2 pair of gloves (worn)
Jewellery
 i - the amulet of the Six Dances {Acrobat Harm SInv}
   (You found it on level 3 of the Dungeon)

   [amulet of the acrobat]

   Acrobat:   It increases your evasion while moving and waiting.
   SInv:      It lets you see invisible.
   Harm:      It increases damage dealt and taken.
Scrolls
 d - a scroll of summoning
 g - 3 scrolls of teleportation
 j - a scroll of fear {unknown}
Potions
 e - a potion of heal wounds {unknown}
 f - a potion of brilliance {unknown}


   Skills:
 + Level 5.0 Fighting
 + Level 4.9 Maces & Flails
 + Level 4.9 Armour
 + Level 0.3 Dodging
 + Level 5.1 Shields


You had 5 spell levels left.
You didn't know any spells.
Your spell library was empty.

Dungeon Overview and Level Annotations

Branches:
Dungeon (3/15)

Altars:
Okawaru


Innate Abilities, Weirdness & Mutations

You have a pair of horns on your head.
You reflexively headbutt those who attack you in melee.


Message History

Okawaru accepts your kill.
You feel sick. The adder bites you but does no damage.
The orc barely misses you.
The orc priest hits you but does no damage.
You hit the orc priest.
The orc priest is lightly wounded.
You feel sick. You block the adder's attack. The orc priest barely misses you.
The orc barely misses you. The adder bites you but does no damage.
You closely miss the orc priest.
The orc priest is lightly wounded.
You feel sick.
The orc priest hits you with a +0 dagger.
You block the orc's attack. The adder bites you but does no damage.
You sock the orc priest!
The orc priest is almost dead.
You feel sick.
You are no longer poisoned.
The adder barely misses you. You furiously retaliate!
You headbutt the adder!
You kill the adder!
Okawaru accepts your kill.
The orc priest hits you but does no damage.
The orc hits you from afar with a +1 antimagic trident.
You feel your power leaking away.
The orc priest hits you but does no damage.
The orc barely misses you. x2
You have reached level 6!
You sock the orc priest!
You kill the orc priest!
Okawaru accepts your kill. The orc barely misses you.
The orc hits you from afar with a +1 antimagic trident!
* * * LOW HITPOINT WARNING * * *
Your Fighting skill increases to level 5!
You barely miss the orc. You block the orc's attack.
The orc hits you with a +0 flail.
* * * LOW HITPOINT WARNING * * *
The orc hits you with a +1 antimagic trident.
* * * LOW HITPOINT WARNING * * *
The orc hits you with a +0 flail!
You die...

#...#
###>#########.#.#.####.#
#...# #.......#
#.#.#<...# #...#
#.......####...#.##.#
#...# #...(......#####.#
# #...# #.######...# ###
##### #.# #...# #.#
#...# #.# #.).# ###
#.@.# #o#o# ........
...#.8.#....
..........!....
##...#.#.#...##
#...#...#...#
#.<.#.⌠.#.>.#


You could see 2 orcs.

Vanquished Creatures
  Sigmund (D:2)
  A bombardier beetle (D:3)
  An orc priest (D:3)
  2 adders
  2 dart slugs
  2 orcs (D:3)
  6 endoplasms
  A giant cockroach (D:2)
  3 goblins
  5 hobgoblins
  2 jackals (D:3)
  3 quokkas
  2 ball pythons
  3 bats
  5 frilled lizards
  7 kobolds
  5 rats
51 creatures vanquished.

Notes
Turn   | Place    | Note
-------+----------+-------------------------------------------
     0 | D:1      | Silvore the Minotaur Fighter began the quest for the Orb.
     0 | D:1      | Reached XP level 1. HP: 19/19 MP: 0/0
   214 | D:1      | Reached XP level 2. HP: 27/27 MP: 1/1
   719 | D:2      | Noticed Sigmund
   728 | D:2      | Killed Sigmund
   729 | D:2      | Reached XP level 3. HP: 17/35 MP: 2/2
   729 | D:2      | Reached XP level 4. HP: 20/41 MP: 3/3
   729 | D:2      | Reached XP level 5. HP: 23/47 MP: 4/4
  1434 | D:2      | Found an iron altar of Okawaru.
  1450 | D:2      | Became a worshipper of Warmaster Okawaru
  1696 | D:3      | Reached skill level 5 in Shields
  1784 | D:3      | Identified the amulet of the Six Dances {Acrobat Harm SInv}
  1970 | D:3      | Reached XP level 6. HP: 18/55 MP: 0/5
  1971 | D:3      | Reached skill level 5 in Fighting
  1972 | D:3      | HP: 1/56 [orc/+1 antimagic trident (6)]
  1972 | D:3      | Mangled by an orc

Illustrated notes

Levels and vault maps discovered:
D:1:      mrwooster_arrival_statue_3, layout_loops_cross
D:2:      minmay_door_path, layout_basic, basic_altar, uniq_sigmund
D:3:      layout_basic, serial_bayou_pond_d, nicolae_elevator_lobby_plus

Skill      XL: |  1  2  3  4  5  6 |
---------------+-------------------+-----
Fighting       | 4 5 |  5.0
Shields        | 4 5 |  5.1
Armour         | 4 |  4.9
Maces & Flails | 4 |  4.9
Dodging        | |  0.3

Action                     |  1- 3 |  4- 6 || total
---------------------------+-------+-------++-------
  Melee: Flail             |    38 |    55 ||    93
         Headbutt          |     6 |     6 ||    12
    Use: Scroll            |     3 |     3 ||     6
         Potion            |     1 |       ||     1
 Armour: Scale mail        |    17 |    49 ||    66
  Dodge: Dodged            |    11 |    29 ||    40
  Block: Buckler           |     9 |    16 ||    25
